 Dungeon Crawl Stone Soup version 0.30-a0-782-ge64f9170bb (webtiles) character file.

Game seed: 13565281237859455213

49 IndexError the Shooter (level 3, -3/20 HPs)
             Began as a Gargoyle Hexslinger on Feb 22, 2023.
             Slain by a scorpion (4 damage)
             ... on level 4 of the Dungeon.
             The game lasted 00:03:03 (2143 turns).

IndexError the Shooter (Gargoyle Hexslinger)        Turns: 2143, Time: 00:03:04

Health: -3/20      AC:  9    Str: 13    XL:     3   Next: 77%
Magic:  1/4        EV: 11    Int: 13    God:
Gold:   101        SH:  0    Dex: 12    Spells: 3/4 levels left

rFire   . . .      SeeInvis .    a - +1 sling
rCold   . . .      Faith    .    (no shield)
rNeg    + + .      Spirit   .    j - +3 leather armour
rPois   ∞          Reflect  .    (no helmet)
rElec   +          Harm     .    (no cloak)
rCorr   .          Rampage  .    (no gloves)
Will    .....                    (no boots)
Stlth   +                        (no amulet)
HPRegen 0.23/turn                q - ring of positive energy {rN+}
MPRegen 0.09/turn                (no ring)

@: no status effects
A: sickness immunity, AC +3, negative energy resistance 1, electricity
resistance, torment resistance 1, petrification resistance
a: no special abilities


You were on level 4 of the Dungeon.
You visited 1 branch of the dungeon, and saw 4 of its levels.

You collected 101 gold pieces.

Inventory:

Hand Weapons
 a - a +1 sling (weapon)
 f - a +3 whip
   (You found it on level 1 of the Dungeon)
Missiles
 t - 8 poisoned darts
Armour
 c - a +0 robe
 d - a +0 robe
   (You found it on level 1 of the Dungeon)
 g - a +0 leather armour
   (You found it on level 1 of the Dungeon)
 j - a +3 leather armour (worn)
   (You found it on level 2 of the Dungeon)
 p - a +0 robe
   (You found it on level 3 of the Dungeon)
 s - a +0 leather armour
   (You took it off an orc on level 4 of the Dungeon)
Jewellery
 q - a ring of positive energy (left hand) {rN+}
   (You found it on level 3 of the Dungeon)
Wands
 l - a wand of mindburst (17)
   (You found it on level 2 of the Dungeon)
 o - a wand of digging (1)
   (You found it on level 4 of the Dungeon)
Scrolls
 b - a scroll of poison
 e - 5 scrolls of identify {unknown}
 h - a scroll of blinking {unknown}
 r - a scroll of immolation {unknown}
 u - 3 scrolls of teleportation {unknown}
Potions
 i - 2 potions of mutation {unknown}
 k - a potion of heal wounds {unknown}
 m - a potion of degeneration {unknown}
 n - a potion of berserk rage {unknown}
 v - a potion of lignification {unknown}


   Skills:
 - Level 1.1 Fighting
 * Level 3.4 Ranged Weapons
 - Level 1.5 Dodging
 - Level 1.0 Spellcasting
 + Level 3.2 Hexes


You had 3 spell levels left.
You knew the following spells:

 Your Spells              Type           Power      Damage    Failure   Level
s - Slow                  Hex            36%        N/A       10%         1

Your spell library contained the following spells:

 Spells                   Type           Power      Damage    Failure   Level
 Inner Flame              Hex/Fire       4%         N/A       50%         3
 Portal Projectile        Hex/Tloc       8%         N/A       50%         3
 Cause Fear               Hex            4%         N/A       67%         4


Dungeon Overview and Level Annotations

Branches:
Dungeon (4/15)
 Temple: D:4-7

Altars:
Elyvilon

Shops:
D:2 *

Annotations:
D:3 Sigmund


Innate Abilities, Weirdness & Mutations

You are immune to sickness and miasma.
Your stone body is resilient. (AC +3)
You are immune to poison.
You resist negative energy. (rN+)
You are resistant to electric shocks. (rElec)
You are resistant to unholy torment.
You are immune to petrification.


Message History

Fire: a) +1 sling
Press: ? - help, Q - select action Shift-Dir - straight line, f/p - scorpion
Aim: a scorpion (almost dead, 56% to hit)
You shoot a sling bullet.
The sling bullet hits the scorpion but does no damage.
The scorpion stings you.
You take 2 damage, and have 10/20 hp.
Fire: a) +1 sling
Press: ? - help, Q - select action Shift-Dir - straight line, f/p - scorpion
Aim: a scorpion (almost dead, 56% to hit)
You shoot a sling bullet.
The sling bullet barely misses the scorpion.
The scorpion closely misses you.
The scorpion stings you but does no damage.
Fire: a) +1 sling
Press: ? - help, Q - select action Shift-Dir - straight line, f/p - scorpion
Aim: a scorpion (almost dead, 56% to hit)
You shoot a sling bullet.
The sling bullet barely misses the scorpion.
The scorpion stings you but does no damage.
Fire: a) +1 sling
Press: ? - help, Q - select action Shift-Dir - straight line, f/p - scorpion
Aim: a scorpion (almost dead, 56% to hit)
You shoot a sling bullet.
The sling bullet barely misses the scorpion.
The scorpion closely misses you.
Fire: a) +1 sling
Press: ? - help, Q - select action Shift-Dir - straight line, f/p - scorpion
Aim: a scorpion (almost dead, 56% to hit)
You shoot a sling bullet.
The sling bullet hits the scorpion but does no damage.
The scorpion closely misses you. The scorpion barely misses you.
Fire: a) +1 sling
Press: ? - help, Q - select action Shift-Dir - straight line, f/p - scorpion
Aim: a scorpion (almost dead, 56% to hit)
You shoot a sling bullet.
The sling bullet hits the scorpion but does no damage.
The scorpion stings you but does no damage.
Fire: a) +1 sling
Press: ? - help, Q - select action Shift-Dir - straight line, f/p - scorpion
Aim: a scorpion (almost dead, 56% to hit)
You shoot a sling bullet.
The sling bullet barely misses the scorpion.
The scorpion barely misses you.
The scorpion stings you but does no damage.
Casting: Slow (safe; 10% risk of failure)
Confirm with . or Enter, or press ? or * to list all spells.
Aiming: Slow (safe; 10% risk of failure)
Press: ? - help, Shift-Dir - straight line, f/p - scorpion
Aim: a scorpion (almost dead, chance to affect: 43%)
The scorpion resists with some effort.
The scorpion stings you.
You take 4 damage, and have 8/20 hp.
You now have 2/4 mp.
Casting: Slow (safe; 10% risk of failure)
Confirm with . or Enter, or press ? or * to list all spells.
Aiming: Slow (safe; 10% risk of failure)
Press: ? - help, Shift-Dir - straight line, f/p - scorpion
Aim: a scorpion (almost dead, chance to affect: 43%)
The scorpion resists with some effort.
The scorpion stings you.
* * * LOW HITPOINT WARNING * * *
You take 3 damage, and have 5/20 hp.
You now have 1/4 mp.
Casting: Slow (safe; 10% risk of failure)
Confirm with . or Enter, or press ? or * to list all spells.
Aiming: Slow (safe; 10% risk of failure)
Press: ? - help, Shift-Dir - straight line, f/p - scorpion
Aim: a scorpion (almost dead, chance to affect: 43%)
The scorpion resists with some effort.
The scorpion stings you but does no damage.
The scorpion closely misses you.
You now have 0/4 mp.
Casting: Slow (safe; 10% risk of failure)
Confirm with . or Enter, or press ? or * to list all spells.
You don't have enough magic to cast this spell.
Unknown command.
Fire: a) +1 sling
Press: ? - help, Q - select action Shift-Dir - straight line, f/p - scorpion
Aim: a scorpion (almost dead, 56% to hit)
You shoot a sling bullet.
The sling bullet barely misses the scorpion.
The scorpion stings you but does no damage.
Fire: a) +1 sling
Press: ? - help, Q - select action Shift-Dir - straight line, f/p - scorpion
Aim: a scorpion (almost dead, 56% to hit)
You shoot a sling bullet. The sling bullet hits the scorpion.
The scorpion closely misses you.
Fire: a) +1 sling
Press: ? - help, Q - select action Shift-Dir - straight line, f/p - scorpion
Aim: a scorpion (almost dead, 56% to hit)
You shoot a sling bullet.
The sling bullet barely misses the scorpion.
The scorpion stings you.
* * * LOW HITPOINT WARNING * * *
The scorpion stings you but does no damage.
You take 4 damage, and have 1/20 hp.
Fire: a) +1 sling
Press: ? - help, Q - select action Shift-Dir - straight line, f/p - scorpion
Aim: a scorpion (almost dead, 56% to hit)
You shoot a sling bullet.
The sling bullet hits the scorpion but does no damage.
The scorpion stings you.
You die...

##.....# .......# #####
#..... ##...# ....
##.###.# ##.## #.## #.
#...####.# .
######.(......##
#####..@s..........###
+.....#####............
####..# #...#########
#..# #...####
#######..# #......#
#.##.....# ##..##.#
#..####.## #..##.#
#..####.#######..##.#
#<...............##.#


You could see a scorpion.

Vanquished Creatures
  An adder (D:2)
  A dart slug (D:4)
  4 orcs (D:4)
  An endoplasm (D:1)
  3 giant cockroaches
  3 goblins
  3 hobgoblins
  3 kobolds
  6 ball pythons
  2 bats
  2 frilled lizards
  6 rats
35 creatures vanquished.

Notes
Turn   | Place    | Note
-------+----------+-------------------------------------------
     0 | D:1      | IndexError the Gargoyle Hexslinger began the quest for the
                  | Orb.
     0 | D:1      | Reached XP level 1. HP: 12/12 MP: 2/2
   409 | D:1      | Reached XP level 2. HP: 16/16 MP: 3/3
   991 | D:2      | Found Cochej's General Store.
  1045 | D:2      | Reached skill level 3 in Hexes
  1046 | D:2      | Reached skill level 3 in Ranged Weapons
  1046 | D:2      | Reached XP level 3. HP: 17/20 MP: 4/4
  1471 | D:2      | Found a white marble altar of Elyvilon.
  1639 | D:3      | Noticed Sigmund
  2092 | D:4      | Noticed a scorpion
  2138 | D:4      | HP: 5/20 [scorpion (4)]
  2142 | D:4      | HP: 1/20 [scorpion (5)]
  2143 | D:4      | Slain by a scorpion

Illustrated notes

Levels and vault maps discovered:
D:1:      lemuel_arrival_room, layout_basic
D:2:      layout_basic, basic_altar, serial_shops, shop, minmay_pentomino_t2
D:3:      layout_basic, hellmonk_ecumenical_altar_arch_garden,
          kennysheep_minor_cross, hangedman_decor_growths, uniq_sigmund
D:4:      layout_loops_ring, gammafunk_temple_overflow_elements

Skill      XL: |  1  2 |
---------------+-------+-----
Hexes          | 3 |  3.2
Ranged Weapons | 3 |  3.4
Fighting       | |  1.1
Dodging        | |  1.5
Spellcasting   | |  1.0

Action                     || total
---------------------------++-------
   Fire: Sling             ||   120
   Cast: Slow              ||     7
 Armour: Robe              ||     3
         Leather armour    ||    27
  Dodge: Dodged            ||    61

Table legend: (Time is in decaauts)
 A = Elapsed time spent in this place.
 B = Non-inter-level travel time spent in this place.
 C = Inter-level travel time spent in this place.
 D = Time resting spent in this place.
 E = Time spent auto-exploring this place.
 F = Levels seen in this place.
 G = Mean time per level.
                   A        B        C        D        E       F      G
               +--------+--------+--------+--------+--------+-----+--------+
         Total |   2178 |   1942 |    236 |      0 |   1667 |   4 |  544.5 |
       Dungeon |   2178 |   1942 |    236 |      0 |   1667 |   4 |  544.5 |
               +--------+--------+--------+--------+--------+-----+--------+

Top non-repeatable levels by time:
     D:2: 1031 daAuts
     D:1: 669 daAuts
     D:4: 433 daAuts
     D:3: 44 daAuts

Table legend:
 A = Kills in this place as a percentage of kills in entire the game.
 B = Kills by you in this place as a percentage of kills by you in the entire game.
 C = Kills by friends in this place as a percentage of kills by friends in the entire game.
 D = Other kills in this place as a percentage of other kills in the entire game.
 E = Experience gained in this place as a percentage of experience gained in the entire game.
 F = Experience gained in this place divided by the number of levels of this place that you have seen.
                   A       B       C       D       E      F
               +-------+-------+-------+-------+-------+----------------------
         Total | 100.0 | 100.0 |   N/A |   N/A | 100.0 |  17.8
       Dungeon | 100.0 | 100.0 |   N/A |   N/A | 100.0 |  17.8
               +-------+-------+-------+-------+-------+----------------------
